groovejumper, chaotic female elven Wizard ----------- |.W.......- -f%.......| |@........| r.........| ---f------- groovejumper the Thaumaturge Experience level: 6 Strength: 9 Dexterity: 14 Constitution: 16 Intelligence: 18 Wisdom: 11 Charisma: 10 Health: 0(39) Energy: 24(67) Def: 2 Gold: 430 Moves: 5516 Dungeon seed: ZpFIY0VqMwd8Zz4e Game ID: groovejumper_1485801323 Your Inventory: Coins $ - 430 gold pieces Weapons a - the rustproof +0 Magicbane (weapon in hand) r - 5 +0 darts U - a blessed +1 quarterstaff W - the blessed fireproof +0 Sting Armor e - an uncursed +0 cloak of magic resistance (being worn) y - an uncursed +0 helm of brilliance (being worn) Comestibles t - an uncursed cram ration H - an uncursed food ration K - 2 uncursed lichen corpses Scrolls g - a blessed scroll of earth i - an uncursed scroll of blank paper j - an uncursed scroll of destroy armor k - an uncursed scroll of create monster v - an uncursed scroll of magic mapping z - an uncursed scroll of blank paper A - an uncursed scroll of food detection B - a blessed scroll of blank paper C - 2 uncursed scrolls of confuse monster D - an uncursed scroll of teleportation E - an uncursed scroll of charging F - an uncursed scroll of enchant armor G - an uncursed scroll of teleportation I - a blessed scroll of genocide Y - 2 uncursed scrolls of remove curse Z - an uncursed scroll of earth Spellbooks l - a blessed spellbook of force bolt m - an uncursed spellbook of magic missile o - an uncursed spellbook of levitation X - an uncursed spellbook of charm monster Potions f - a blessed potion of restore ability h - a potion of holy water p - an uncursed potion of levitation Rings c - an uncursed ring of slow digestion (on left hand) d - an uncursed ring of shock resistance w - a cursed ring of polymorph Wands b - a wand of sleep (0:5) q - a wand of polymorph (0:6) s - a wand of digging (0:8) Tools n - an uncursed tooled horn T - an uncursed skeleton key Spells and supernatural/magical abilities: Name Level Category Fail Memory a - force bolt 1 attack 0% 73% m - magic missile 2 attack 0% 73% L - levitation 4 escape 100% 73% W - pray for help -- divine ? -- Your skills at the end: Fighting Skills Weapon Skills quarterstaff [Basic] Spellcasting Skills attack spells [Basic] enchantment spells [Basic] Final Attributes: You were piously aligned. You were sleep resistant. You were magic-protected. You were telepathic. You had infravision. You had slower digestion. You are dead. Vanquished creatures: a giant mimic a rock piercer a rock mole a pony a fog cloud a giant ant 3 floating eyes a kitten 2 kobold lords a rabid rat a giant bat 2 monkeys an orc zombie 2 dwarf zombies a wererat 4 iguanas a coyote a gas spore a hobbit 2 large kobolds 4 hobgoblins 3 giant rats 2 cave spiders 3 gnome zombies 3 geckos 8 jackals a fox 2 kobolds 3 goblins 5 sewer rats 7 grid bugs 2 bats 6 lichens 2 kobold zombies 9 newts 89 creatures vanquished. Voluntary challenges: You used a wielded weapon 106 times, starting on turn 3. You read items or engraved 19 times, starting on turn 15. You never genocided any monsters. You never polymorphed an object. You never changed form. You used no wishes. You never split a pudding. You never wrote Elbereth's name. You never violated your personal moral code. Dungeon overview: The Dungeons of Doom: levels 1 to 4 Level 1 a fountain, a sink a long staircase Level 2 Level 3 a scroll shop, an altar to Anhur, a fountain a long staircase Level 4 <- You were here History has recorded: On T:1 you entered the Dungeons of Doom to retrieve the Amulet of Yendor! On T:288 you advanced to experience level 2. On T:425 you reached level 2 of The Dungeons of Doom. On T:810 you reached level 3 of The Dungeons of Doom. On T:861 you advanced to experience level 3. On T:1218 you reached level 4 of The Dungeons of Doom. On T:2112 you advanced to experience level 4. On T:3371 you advanced to experience level 5. On T:5218 you received Magicbane from Anhur. On T:5387 you advanced to experience level 6. On T:5391 you received Sting from Anhur. Score breakdown: Gold: 430 ( 8961 points) Experience: 6 levels (12456 points) Exploration: 4 levels ( 8.33%) ( 7579 points) Discoveries: 9 items ( 3.26%) ( 5417 points) Valuables value: (no points given unless you survive) Artifact value: 4300 (12360 points) Variety of kills: 35 monsters ( 9.19%) ( 9092 points) Turncount: 5516 turns (-1499 points) Survival: died (score multiplied by 80%) Total score: 43492 Latest messages: As you read the scroll, it disappears. You escaped the shop without paying! You stole 3280 zorkmids worth of merchandise. An alarm sounds! The Keystone Kops are after you! You hear a door open. A rock piercer suddenly drops from the ceiling! Its blow glances off your helmet. The Kop Sergeant hits! (2x) The Keystone Kop wields a club! The Keystone Kop swings his club. The Keystone Kop hits! (2x) The wererat changes into a rat. The wererat hits! You kill the wererat! The magic missile bounces! The giant rat bites! Honda bites! (2x) You die... Final status: Goodbye groovejumper the Wizard, killed by a kitten called "Honda"... You died in The Dungeons of Doom on dungeon level 4 with 43492 points, and 430 pieces of gold, after 5516 moves. You were level 6 with a maximum of 39 hit points when you died.